AoeStats
← Coleman

Nomad

503492628Analyzed
4v4 RM · 1mo ago on Aug 31, 2026· 63m 1s· 8 players
Game mode
Random Map
Map size
231×231
Population
200
Speed
Normal
Resources
Standard
Victory
Conquest
Starting age
Dark Age
Ending age
Imperial Age
RankedLock teamsTeams togetherTeam positionsShared explorationLock speedFull tech treeHidden civsTurbo modeCheats
Victory
Defeat
🇦🇷 Spanish · Argentina
931
+11
🇮🇳 Sicilians · India
753
+18
🇹🇷 Bulgarians · Türkiye
737
+19
🇮🇹 Gurjaras · Italy
678
+22
🇫🇷 Turks · France
850
-19
🇨🇴 Malay · Colombia
806
-17
🇺🇸 Vikings · United States
803
-17
🇦🇷 Vietnamese · Argentina
772
-16
luhigy23
6:43 Loom
22:53 Feudal Age
22:56 Fishing Lines
26:35 Double-Bit Axe
29:16 Castle Age
27:53 Wheelbarrow
27:07 Town Watch
32:01 Gillnets
35:39 Hand Cart
36:46 Thalassocracy
37:24 Gold Mining
37:25 Stone Mining
39:34 Caravan
46:28 Husbandry
46:37 Padded Archer Armor
46:33 Arson
48:35 Gold Shaft Mining
48:36 Stone Shaft Mining
49:51 Crossbowman
53:28 Imperial Age
51:19 Leather Archer Armor
50:55 Fletching
52:17 Capped Ram
53:23 Thumb Ring
52:39 Arbalester
54:29 Ring Archer Armor
53:54 Bodkin Arrow
54:40 Ballistics
55:21 Chemistry
54:02 Treadmill Crane
57:08 Conscription
60:01 Bracer
63:31 Medium Warships
Coleman
7:47 Loom
17:15 Feudal Age
17:59 Double-Bit Axe
19:40 Padded Archer Armor
19:30 Fletching
19:38 Fishing Lines
21:34 Horse Collar
28:22 Castle Age
29:58 Gillnets
30:55 Heavy Plow
34:53 Ballistics
34:50 Leather Archer Armor
34:31 Bodkin Arrow
43:40 Imperial Age
41:26 Gold Mining
42:58 Gold Shaft Mining
42:13 Stone Mining
42:29 Bodkin Arrow
42:48 Forging
44:07 Chieftains
44:11 Scale Mail Armor
45:46 Elite Berserk
53:08 Crop Rotation
53:08 Chain Mail Armor
53:34 Iron Casting
54:33 Plate Mail Armor
58:29 Blast Furnace
58:57 Arson
HORIZONUF
8:38 Loom
14:15 Feudal Age
15:05 Double-Bit Axe
22:08 Castle Age
20:06 Horse Collar
20:44 Stone Mining
20:52 Fishing Lines
23:42 Town Watch
24:47 Gillnets
25:08 Padded Archer Armor
25:00 Fletching
25:48 Wheelbarrow
27:29 Thumb Ring
27:18 Gold Mining
30:03 Bow Saw
31:31 Husbandry
31:59 Heavy Plow
33:34 Hand Cart
33:19 Town Patrol
34:05 Bodkin Arrow
34:26 Leather Archer Armor
35:07 Town Patrol
39:52 Imperial Age
39:41 Gold Shaft Mining
39:20 Bloodlines
41:26 Conscription
41:42 Hoardings
43:58 Two-Man Saw
45:03 Bracer
45:14 Forging
45:10 Scale Barding Armor
45:36 Ring Archer Armor
45:30 Ballistics
45:01 Heated Shot
44:52 Treadmill Crane
45:45 Elite Janissary
49:36 Heavy Cavalry Archer
50:42 Parthian Tactics
53:42 Iron Casting
58:57 Capped Ram
59:54 Siege Ram
61:24 Chain Barding Armor
Tubbi
13:19 Loom
16:50 Feudal Age
17:25 Gold Mining
17:23 Double-Bit Axe
17:34 Stone Mining
22:59 Castle Age
23:07 Wheelbarrow
22:19 Town Watch
24:36 Bow Saw
25:57 Bloodlines
25:48 Husbandry
26:39 Fletching
27:45 Bodkin Arrow
28:49 Stone Shaft Mining
28:24 Horse Collar
34:40 Forging
34:39 Scale Barding Armor
36:14 Iron Casting
38:13 Ballistics
37:34 Treadmill Crane
38:31 Chain Barding Armor
41:12 Imperial Age
38:58 Hand Cart
41:21 Elite Rattan Archer
44:20 Chemistry
46:45 Elite Fire Lancer
47:11 Arson
47:27 Squires
50:00 Two-Man Saw
48:48 Onager
51:58 Bracer
51:59 Padded Archer Armor
53:14 Paper Money
54:37 Elite Battle Elephant
57:22 Scale Mail Armor
57:41 Leather Archer Armor
Rafikii
5:30 Loom
14:34 Feudal Age
16:46 Double-Bit Axe
16:48 Man-at-Arms
18:39 Horse Collar
20:27 Gold Mining
23:41 Castle Age
22:19 Fletching
22:25 Fishing Lines
23:09 Stone Mining
25:41 Medium Warships
29:17 Wheelbarrow
29:41 Bow Saw
33:47 Gillnets
40:25 Gambesons
40:42 Squires
41:49 Town Watch
46:13 Scale Mail Armor
47:22 Heavy Plow
49:37 Hand Cart
54:59 Imperial Age
52:45 Pikeman
53:51 Ballistics
53:27 Arson
54:38 Caravan
54:55 Bodkin Arrow
55:16 Chain Mail Armor
55:13 Forging
57:00 Two-Man Saw
56:19 Bloodlines
56:10 Husbandry
55:36 Halberdier
56:44 Bracer
58:42 Chemistry
57:39 Murder Holes
57:53 Thumb Ring
58:43 Long Swordsman
59:52 Two-Handed Swordsman
61:33 Plate Mail Armor
WinEagle10
15:13 Feudal Age
16:31 Wheelbarrow
15:40 Horse Collar
15:50 Double-Bit Axe
16:23 Gold Mining
17:02 Loom
21:53 Stone Mining
25:26 Castle Age
23:34 Fishing Lines
26:35 Bow Saw
27:03 Heavy Plow
27:52 Gold Shaft Mining
28:17 Hand Cart
29:40 Gillnets
33:05 Scale Barding Armor
33:00 Scale Mail Armor
33:11 Forging
33:05 Arson
37:03 Chain Barding Armor
36:59 Chain Mail Armor
37:20 Iron Casting
38:11 Husbandry
39:39 Stone Shaft Mining
40:28 Caravan
43:15 Imperial Age
42:07 Kshatriyas
43:18 Elite Chakram Thrower
46:01 Hoardings
46:52 Plate Barding Armor
53:51 Chemistry
59:06 Elite Shrivamsha Rider
xbarter
3:48 Loom
15:50 Feudal Age
16:15 Fishing Lines
19:57 Horse Collar
20:05 Double-Bit Axe
20:12 Gold Mining
20:12 Stone Mining
27:29 Castle Age
25:54 Forging
25:51 Scale Barding Armor
25:48 Scale Mail Armor
27:02 Bloodlines
26:43 Arson
29:08 Heavy Plow
30:38 Gambesons
33:42 Husbandry
33:35 Fletching
34:52 Bodkin Arrow
34:58 Padded Archer Armor
35:34 Iron Casting
35:20 Chain Barding Armor
35:16 Chain Mail Armor
35:12 Squires
37:42 Leather Archer Armor
38:09 Gold Shaft Mining
39:12 Stirrups
42:42 Caravan
49:39 Bow Saw
52:35 Gillnets
RiSHisOm
3:57 Loom
14:03 Feudal Age
16:32 Wheelbarrow
16:23 Double-Bit Axe
20:28 Fishing Lines
24:27 Castle Age
22:19 Horse Collar
23:01 Gold Mining
25:30 Bow Saw
26:44 Husbandry
26:52 Scale Barding Armor
27:24 Hand Cart
28:36 Heavy Plow
32:15 Gold Shaft Mining
33:24 Chain Barding Armor
35:56 Pikeman
36:37 Squires
36:22 Arson
37:55 Scale Mail Armor
38:05 Forging
41:21 Imperial Age
40:24 Iron Casting
40:05 Chain Mail Armor
41:28 Cavalier
42:46 Plate Barding Armor
42:42 Plate Mail Armor
41:35 Halberdier
44:02 Blast Furnace
50:52 Capped Ram
51:46 Gillnets
Connection lost

Rejoining the realm…

Still unreachable

The connection could not be restored.

Session expired

The server has moved on; the page needs a fresh start.